 Dungeon Crawl Stone Soup version 0.31-a0-626-g8143ab4f1d (webtiles) character file.

Game seed: 21826901706617310

1631131 MackTheKnife the Spellbinder (level 24, 195/195 HPs)
             Began as a Vampire Enchanter on Aug 23, 2023.
             Was the Champion of Dithmenos.
             Escaped with the Orb
             ... and 3 runes on Aug 24, 2023!
             The game lasted 03:32:33 (68053 turns).

MackTheKnife the Spellbinder (Vampire Enchanter)   Turns: 68053, Time: 03:32:34

Health: 195/195    AC: 13    Str:  9 (10) XL:     24   Next: 85%
Magic:  47/52      EV: 26    Int: 25 (26) God:    Dithmenos [******]
Gold:   1617       SH: 10    Dex: 25      Spells: 10/55 levels left

rFire   + . .        a - +9 rapier (elec) {short}
rCold   + . .        c - +3 buckler of Raed {rC+}
rNeg    . . .        d - +2 robe of the Bulwark {Int+2}
rPois   +            (helmet restricted)
rElec   +            D - +2 cloak {Will+}
rCorr   +            Y - +2 pair of gloves {Dex+3}
SInv    +            y - +2 pair of boots
Will    +++++        m - amulet "Wokhelen" {RegenMP +Inv rCorr Str+3 Dex-4}
Stlth   +++++++      w - ring of Isym {rPois rF+ MP+9 Int-2 Dex+3}
HPRegen 0.72/turn    B - ring of Contention {rElec Will++ Dex+6}
MPRegen 0.73/turn

%: no passive effects
@: healing quickly, wreathed by umbra, studying 2 skills
A: alive, fangs 3, see invisible, vampiric 2, antennae 1, deformed body
0: Orb of Zot
}: 3/15 runes: decaying, serpentine, silver
a: Exsanguinate, Renounce Religion, Evoke Invisibility, Shadow Step, Shadow Form


You escaped.
You worshipped Dithmenos.
Dithmenos was exalted by your worship.
You visited 10 branches of the dungeon, and saw 48 of its levels.
You visited 1 bazaar.
You also visited: Trove, Sewer, Bailey and Wizlab.

You collected 9384 gold pieces.
You spent 7767 gold pieces at shops.


Innate Abilities, Weirdness & Mutations

Your natural rate of healing is accelerated.
You have razor-sharp teeth.
You have supernaturally acute eyesight. (SInv)
You are afflicted with vampirism and can become a bat while bloodless.
You have a pair of small antennae on your head.
Armour fits poorly on your strangely shaped body.


   Skills:
 + Level 17.2 Fighting
 - Level 14.0 Short Blades
 - Level 8.0 Armour
 - Level 16.0 Dodging
 O Level 27 Stealth
 - Level 6.0 Shields
 - Level 16.0 Spellcasting
 - Level 4.0 Conjurations
 O Level 27 Hexes
 - Level 12.0 Translocations
 - Level 8.0 Ice Magic
 - Level 8.0 Air Magic
 - Level 8.0 Invocations
 - Level 8.0 Evocations


You had 10 spell levels left.
You knew the following spells:

 Your Spells              Type           Power      Damage    Failure   Level
a - Ensorcelled Hibernat  Hex/Ice        100%       N/A       0%          2
b - Confusing Touch       Hex            100%       N/A       0%          3
c - Tukima's Dance        Hex            100%       N/A       0%          3
d - Teleport Other        Tloc           68%        N/A       1%          3
e - Freezing Cloud        Conj/Ice/Air   26%        6-21      7%          5
f - Discord               Hex            50%        N/A       1%          8
g - Enfeeble              Hex            50%        N/A       1%          7
h - Dispersal             Tloc           34%        N/A       4%          6
i - Yara's Violent Unrav  Hex/Tmut       36%        3d15      1%          5
j - Swiftness             Air            56%        N/A       1%          3

Your spell library contained the following spells:

 Spells                   Type           Power      Damage    Failure   Level
 Slow                     Hex            100%       N/A       0%          1
 Portal Projectile        Hex/Tloc       100%       N/A       0%          3
 Cause Fear               Hex            50%        N/A       0%          4
 Foxfire                  Conj/Fire      100%       2x1d9     1%          1
 Freeze                   Ice            100%       1d10      1%          1
 Magic Dart               Conj           100%       1d8       1%          1
 Blink                    Tloc           100%       N/A       1%          2
 Cigotuvi's Dreadful Rot  Necr/Pois/Air  66%        N/A       1%          2
 Lesser Beckoning         Tloc           100%       N/A       1%          2
 Poisonous Vapours        Pois/Air       80%        N/A       1%          2
 Searing Ray              Conj           80%        2d7       1%          2
 Dazzling Flash           Conj/Hex       100%       N/A       1%          3
 Gell's Gravitas          Tloc           68%        N/A       1%          3
 Inner Flame              Hex/Fire       72%        N/A       1%          3
 Ozocubu's Armour         Ice            56%        N/A       1%          3
 Summon Guardian Golem    Hex/Summ       72%        N/A       1%          3
 Volatile Blastmotes      Fire/Tloc      100%       2d18      1%          3
 Fulminant Prism          Conj/Hex       39%        3d17      1%          4
 Iskenderun's Mystic Bla  Conj/Tloc      56%        2d12      1%          4
 Manifold Assault         Tloc           68%        N/A       1%          4
 Metabolic Englaciation   Hex/Ice        41%        N/A       1%          5
 Mephitic Cloud           Conj/Pois/Air  40%        N/A       2%          3
 Sandblast                Erth           40%        2d10      3%          1
 Summon Small Mammal      Summ           80%        N/A       3%          1
 Stone Arrow              Conj/Erth      60%        3d10      4%          3
 Call Imp                 Summ           40%        N/A       5%          2
 Passwall                 Tmut/Erth      16%        N/A       5%          2
 Scorch                   Fire           40%        2d6       5%          2
 Sublimation of Blood     Necr           20%        N/A       5%          2
 Wereblood                Tmut           20%        N/A       5%          2
 Summon Lightning Spire   Summ/Air       40%        N/A       7%          4
 Summon Forest            Summ/Tloc      25%        N/A       9%          5
 Call Canine Familiar     Summ           20%        N/A       11%         3
 Vampiric Draining        Necr           20%        2d7       11%         3
 Animate Armour           Summ/Erth      40%        N/A       36%         4
 Animate Dead             Necr           20%        N/A       36%         4
 Olgreb's Toxic Radiance  Pois           20%        N/A       36%         4
 Petrify                  Tmut/Erth      20%        N/A       36%         4
 Fireball                 Conj/Fire      15%        3d8       41%         5
 Irradiate                Conj/Tmut      15%        3d16      41%         5
 Conjure Ball Lightning   Conj/Air       25%        3x3d7     43%         6
 Borgnjor's Vile Clutch   Necr/Erth      10%        N/A       71%         5
 Lee's Rapid Deconstruct  Erth           10%        3d8*      71%         5
 Plasma Beam              Fire/Air       20%        2x1d32    73%         6
 Simulacrum               Ice/Necr       20%        N/A       73%         6
 Ozocubu's Refrigeration  Ice            28%        4d13      75%         7
 Disjunction              Tloc           34%        N/A       87%         8
 Starburst                Conj/Fire      15%        6d6       94%         6
 Eringya's Noxious Bog    Tmut/Pois      10%        4d6       99%         6
 Orb of Destruction       Conj           20%        9d8       99%         7
 Haunt                    Necr/Summ      10%        N/A       100%        7
 Summon Hydra             Summ           10%        N/A       100%        7
 Ignition                 Fire           10%        3d5       100%        8
 Maxwell's Capacitive Co  Air            28%        ∞         100%        8
 Dragon's Call            Summ           10%        N/A       100%        9

Inventory:

Hand Weapons
 a - a +9 rapier of electrocution (weapon) {short}
   (You took it off Nikola on level 2 of the Elven Halls)
Armour
 c - the +3 buckler of Raed (worn) {rC+}
   (You acquired it on level 4 of the Vaults)

   rC+:       It protects you from cold.
 d - the +2 robe of the Bulwark (worn) {Int+2}
   (You found it on level 10 of the Dungeon)

   Int+2:     It affects your intelligence (+2).
 i - a +2 helmet
   (You took it off Robin on level 2 of the Dungeon)
 y - a +2 pair of boots (worn)
   (You found it on level 5 of the Dungeon)
 D - a +2 cloak of willpower (worn)
   (You took it off a draconian scorcher on level 2 of the Realm of Zot)
 Y - a +2 pair of gloves of dexterity (worn)
   (You bought it in a shop on level 3 of the Depths)
Jewellery
 g - the ring "Ocusuon" {+Blink rF+ rCorr Stlth+}
   (You took it off a deep elf elementalist on level 3 of the Elven Halls)

   [ring of protection from fire]

   rF+:       It protects you from fire.
   +Blink:    It lets you blink.
   rCorr:     It protects you from acid and corrosion.
   Stlth+:    It makes you more stealthy.
 m - the amulet "Wokhelen" (around neck) {RegenMP +Inv rCorr Str+3 Dex-4}
   (You found it on level 2 of the Snake Pit)

   [amulet of magic regeneration]

   RegenMP:   It increases your rate of magic regeneration.
   Str+3:     It affects your strength (+3).
   Dex-4:     It affects your dexterity (-4).
   +Inv:      It lets you turn invisible.
   rCorr:     It protects you from acid and corrosion.
 w - the ring of Isym (left hand) {rPois rF+ MP+9 Int-2 Dex+3}
   (You acquired it on level 7 of the Dungeon)

   [ring of magical power]

   Int-2:     It affects your intelligence (-2).
   Dex+3:     It affects your dexterity (+3).
   rF+:       It protects you from fire.
   rPois:     It protects you from poison MP+9: It affects your magic capacity
   (+9).
 B - the ring of Contention (right hand) {rElec Will++ Dex+6}
   (You took it off a deep elf demonologist on level 3 of the Elven Halls)

   [ring of dexterity]

   Dex+6:     It affects your dexterity (+6).
   rElec:     It insulates you from electricity.
   Will++:    It greatly increases your willpower.
 J - the dreamshard necklace {Acrobat *Dream}
   (You took it off a deep elf sorcerer on level 3 of the Elven Halls)

   [amulet of the acrobat]

   *Dream:    It absorbs a single lethal wound into itself, holding its wearer
   just short of death and releasing dream-creatures to guard them.
   Acrobat:   It increases your evasion while moving and waiting.
Wands
 h - a wand of quicksilver (10)
   (You found it on level 2 of the Depths)
 t - a wand of mindburst (30)
   (You found it on level 4 of the Vaults)
 C - a wand of polymorph (16)
   (You found it on level 9 of the Dungeon)
 F - a wand of flame (73)
   (You found it on level 11 of the Dungeon)
 I - a wand of paralysis (68)
   (You took it off an orc on level 8 of the Dungeon)
 Q - a wand of digging (32)
   (You found it on level 4 of the Lair of Beasts)
 S - a wand of roots (69)
   (You took it off Maggie on level 7 of the Dungeon)
Scrolls
 b - 2 scrolls of summoning
 e - 4 scrolls of brand weapon
 l - 6 scrolls of vulnerability {!r!r}
 u - 4 scrolls of immolation {!r!r}
 A - 6 scrolls of revelation
 E - 14 scrolls of teleportation {@r4}
 G - 5 scrolls of fog
 H - 14 scrolls of amnesia
 M - a scroll of blinking {!r}
 P - 5 scrolls of silence {!r}
 R - a scroll of enchant armour
 T - a scroll of enchant weapon
 U - 6 scrolls of poison {!r}
 V - 7 scrolls of fear
 X - a scroll of identify {@r1}
Potions
 f - 5 potions of might
 k - a potion of resistance
 n - 10 potions of curing {@q1}
 p - 8 potions of haste {@q3}
 q - 6 potions of heal wounds {@q2}
 s - 4 potions of magic
 x - a potion of ambrosia
 z - 6 potions of cancellation
 K - 8 potions of brilliance
 L - 4 potions of mutation {!q}
 O - 9 potions of enlightenment
 Z - 3 potions of invisibility
Miscellaneous
 j - a lightning rod (4/4)
   (You found it on level 13 of the Dungeon)
 o - a phial of floods (inert)
   (You found it on level 3 of the Snake Pit)
 r - a phantom mirror (inert)
   (You found it on level 5 of the Vaults)
 v - a condenser vane
   (You found it on level 5 of the Vaults)
 W - a box of beasts (inert)
   (You bought it in a shop on level 2 of the Orcish Mines)

Dungeon Overview and Level Annotations

Branches:
Dungeon (15/15)            Temple (1/1) D:6            Lair (5/5) D:11
  Swamp (4/4) Lair:3        Snake (4/4) Lair:2        Slime (0/5) Lair:5
    Orc (2/2) D:9             Elf (3/3) Orc:2        Vaults (5/5) D:14
  Crypt (0/3) Vaults:2     Depths (4/4) D:15            Zot (5/5) Depths:4
  Sewer (visited)          Bailey (visited)          WizLab (visited)

Altars:
Ashenzari
Cheibriados
Dithmenos
Fedhas
Gozag
Hepliaklqana
Kikubaaqudgha
Makhleb
Nemelex Xobeh
Okawaru
Qazlal
Ru
Sif Muna
Trog
Uskayaw
Vehumet
Wu Jian
Xom
Yredelemnul

Shops:
D:10 *   D:11 !   Orc:1 ?   Orc:2 *(?*   Elf:2 ?   Elf:3 ??*?   Snake:3 *
Vaults:3 :   Vaults:4 ?   Depths:2 (   Depths:3 *   Depths:4 ?

Portals:
Hell: Depths:1 Depths:2 Depths:3 Depths:4
Abyss: Depths:3
Pandemonium: Depths:1 Depths:2
Ziggurat: Depths:2

Annotations:
D:10 2 transporters, SuPeRPuSSyNoOTAB's ghost, novice DsWn
D:11 1 exclusion
Lair:5 exclusions: door and obsidian statue
Swamp:1 2 transporters, Vorraat's ghost, journeyman HOMo
Elf:2 1 exclusion
Elf:3 Roxanne
Vaults:2 3 runed translucent doors, Aram's ghost, adept AtMo
Depths:1 2 runed translucent doors, Yteiw's ghost, adept HOMo
Depths:3 1 exclusion
Zot:5 exclusion: 3 upstairs

..#####....# ..#
##..## ..# ##§##
..# ###...###
..####.......###
..##.......1...##
.##.....#'#.[...##
......###~###....#
#...###.~≈~.###.@#
#..##..~~~~≈..##.#
####>≈≈≈~≈≈≈≈≈>###
#############


You could see an Ice Fiend (weak, magic disrupted).


Message History

There is a stone staircase leading up here.
You climb upwards.
There is a stone staircase leading down here.
There is a stone staircase leading up here.
You climb upwards.
There is a stone staircase leading down here.
There is a stone staircase leading up here.
You climb upwards.
Level annotation: 1 exclusion
There is a stone staircase leading down here.
Things that are here:
a +0 giant club {mace}; a +0 giant spiked club {mace} You enter the shallow water.
Moving in this stuff is going to be slow.
There is an open door here.
There is a stone staircase leading up here.
You climb upwards.
Level annotation: 2 transporters, SuPeRPuSSyNoOTAB's ghost, novice DsWn
There is a stone staircase leading down here.
There is a stone staircase leading up here.
You climb upwards.
There is a stone staircase leading down here.
You see here a +0 short sword {short}.
There is a stone staircase leading up here.
You climb upwards.
There is a stone staircase leading down here.
You see here a +0 club {mace}.
There is a stone staircase leading up, spattered with blood here.
You climb upwards.
There is a stone staircase leading down here.
There is a stone staircase leading up, spattered with blood here.
You climb upwards.
There is a stone staircase leading down here.
You see here a +0 robe.
There is a stone staircase leading up here.
You climb upwards.
There is a stone staircase leading down here.
There is a stone staircase leading up here.
You climb upwards.
There is a stone staircase leading down here.
There is a stone staircase leading up here.
You climb upwards.
There is a stone staircase leading down here.
There is an escape hatch in the floor here.
A shadow demon comes into view.
The shadow demon moves out of view.
There is a stone staircase leading up here.
You climb upwards.
There is a stone staircase leading down here.
A rakshasa comes into view. It is wielding a +0 whip.
Casting: Enfeeble (safe; 1% risk of failure)
Confirm with . or Enter, or press ? or * to list all spells.
Aiming: Enfeeble (safe; 1% risk of failure)
Press: ? - help, Shift-Dir - straight line, f - rakshasa
Aim: a rakshasa, wielding a +0 whip and wearing a +0 robe (umbra, will inflict weakness and antimagic, chance to daze and blind: 39%)
The rakshasa partially resists.
The rakshasa is enfeebled! 😎 MP[-6]
You lost 6 mp, and now have 46/52 mp. 😎 MP[+1]
You puncture the rakshasa!
Your shadow hits the rakshasa with a rapier. 😎 MP[+1]
Aiming: Dig
Press: ? - help, Shift-Dir - straight line, p - rakshasa A rock wall.
This square is wreathed by an umbra and is covered in magical glow.
The rock shatters into small pieces.
The rakshasa hits you with a +0 whip. 😕 HP[-4]
You take 4 damage, and now have 191/195 hp.
You block the rakshasa's attack. 😕 HP[+1] MP[+1]
You block the rakshasa's attack.
A dart slug comes into view. 😕 HP[+1] MP[+1] 😕 HP[+1]
The rakshasa's magic is no longer disrupted.
The rakshasa is no longer weakened. 😕 MP[+1]
There is a stone staircase leading up here. 😎 HP[+1] MP[+1]
Your hp is fully restored (195).
Your mp is fully restored (52).
You climb upwards.
There is a stone staircase leading down here.
Okay, then.
There is a stone staircase leading down here.
You open the door.
An Ice Fiend comes into view.
There is an open door here.
Casting: Enfeeble (safe; 1% risk of failure)
Confirm with . or Enter, or press ? or * to list all spells.
Aiming: Enfeeble (safe; 1% risk of failure)
Press: ? - help, Shift-Dir - straight line, f - Ice Fiend
Aim: an Ice Fiend (wandering, hasn't noticed you, umbra, will inflict weakness and antimagic)
The Ice Fiend partially resists.
The Ice Fiend is enfeebled! 😎 MP[-6]
You lost 6 mp, and now have 46/52 mp.
Blink to where?
Press: ? - help, Dir - move target, p - Ice Fiend
As you read the scroll of blinking {!r}, it crumbles to dust.
You have escaped!

Skill      XL: |  1  2  3  4  5  6  7  8  9 10 11 12 13 14 15 16 17 18 19 20 21 22 23 24 |
---------------+-------------------------------------------------------------------------+-----
Stealth        | 5 6 7 8 9 10 14 18 21 27 | 27.0
Hexes          | 5 6 7 8 10 14 20 21 26 27 | 27.0
Ice Magic      | 1 2 3 7 8 |  8.0
Spellcasting   | 3 4 5 8 9 10 12 14 16 | 16.0
Short Blades   | 4 6 10 14 | 14.0
Dodging        | 4 6 10 14 16 | 16.0
Fighting       | 4 6 8 10 12 13 14 17 | 17.2
Evocations     | 4 5 6 8 |  8.0
Air Magic      | 4 7 8 |  8.0
Conjurations   | 3 4 |  4.0
Armour         | 2 4 8 |  8.0
Shields        | 5 6 |  6.0
Invocations    | 3 4 8 |  8.0
Translocations | 9 10 12 | 12.0

Action                     |  1- 3 |  4- 6 |  7- 9 | 10-12 | 13-15 | 16-18 | 19-21 | 22-24 || total
---------------------------+-------+-------+-------+-------+-------+-------+-------+-------++-------
  Melee: Dagger            |   130 |    98 |   149 |   519 |   532 |   752 |   388 |       ||  2568
         Bite              |    10 |    10 |    15 |    77 |    77 |   101 |   101 |   148 ||   539
         Punch             |     2 |       |     2 |    12 |     5 |       |       |       ||    21
         Rapier            |       |       |       |       |       |       |   257 |   720 ||   977
  Throw: Dart              |       |       |     1 |       |       |       |       |       ||     1
   Cast: Ensorcelled Hiber |     8 |    10 |    31 |   109 |    96 |    81 |    42 |    11 ||   388
         Confusing Touch   |       |     2 |     9 |    39 |    34 |     9 |       |       ||    93
         Freezing Cloud    |       |       |       |    15 |   104 |    32 |     1 |     7 ||   159
         Enfeeble          |       |       |       |       |       |   146 |   198 |   194 ||   538
         Metabolic Englaci |       |       |       |       |       |     5 |       |       ||     5
         Discord           |       |       |       |       |       |    38 |    95 |    76 ||   209
         Tukima's Dance    |       |       |       |       |       |     2 |       |       ||     2
         Teleport Other    |       |       |       |       |       |     9 |    26 |    15 ||    50
         Dispersal         |       |       |       |       |       |     1 |    12 |    14 ||    27
         Yara's Violent Un |       |       |       |       |       |       |       |     8 ||     8
 Invoke: Shadow Step       |       |       |       |       |     7 |     9 |    14 |     9 ||    39
  Evoke: Wand              |       |       |       |     8 |    15 |     1 |    26 |    10 ||    60
         Box of beasts     |       |       |       |       |     1 |     1 |     3 |     3 ||     8
         Lightning rod     |       |       |       |       |     4 |     9 |     5 |     1 ||    19
         Phial of floods   |       |       |       |       |       |       |       |     3 ||     3
         Phantom mirror    |       |       |       |       |       |       |       |     1 ||     1
    Use: Scroll            |       |     7 |     4 |    11 |    12 |    11 |    22 |    30 ||    97
         Potion            |       |       |       |       |     1 |       |     2 |    22 ||    25
   Stab: Sleeping          |     8 |    18 |    28 |    82 |   137 |   114 |    99 |    32 ||   518
         Distracted        |     1 |       |       |       |     1 |     3 |     2 |     3 ||    10
         Confused          |       |     2 |     8 |    30 |    32 |    11 |       |       ||    83
         Paralysed         |       |       |       |     1 |       |       |       |     1 ||     2
         Invisible         |       |       |       |       |       |   138 |   158 |   120 ||   416
 Armour: Robe              |    38 |    32 |    13 |    43 |    56 |    94 |    51 |    89 ||   416
         Swamp dragon scal |       |       |       |    79 |       |       |       |       ||    79
  Dodge: Dodged            |    65 |    72 |    59 |   384 |   300 |   346 |   343 |   438 ||  2007
         Repelled          |       |       |       |       |       |     4 |    12 |     4 ||    20
  Block: Buckler           |       |       |       |       |    56 |   272 |   236 |   207 ||   771
         Reflection        |       |       |       |       |     6 |    28 |    44 |       ||    78

Levels and vault maps discovered:
D:1:      evilmike_arrival_crescent, layout_rooms,
          wander_ebering_terrifying_dragon_lair
D:2:      layout_loops_cross, uniq_robin
D:3:      layout_loops_ring, portal_sewer_entry_d, due_unseen_surprise,
          uniq_terence
D:4:      minmay_chambers_of_fours, layout_layer_cave, lemuel_doored_altar,
          chequers_temple_overflow_minitemple
D:5:      layout_basic, doesnt_xom_only_xom, mainiacjoe_overflow_brackets,
          minmay_misc_feat_cross, minmay_misc_feat_tiny
D:6:      layout_loops_ring, minmay_temple_entry_wispy,
          kennysheep_generic_room_7
D:7:      layout_rooms, uniq_joseph, uniq_menkaure, uniq_maggie
D:8:      layout_cave_pools, good_gods_temple_1, minivault_1, grunt_ministairs_2
D:9:      layout_loops_ring, nicolae_gozag_cash_rules_everything_around_me,
          minmay_orc_entry_temple_small
D:10:     layout_basic, jmf_multi_god_temple, gammafunk_ghost_arena,
          serial_shops, nicolae_shop_real_fake_doors, enter_bailey_2
D:11:     layout_basic, due_lair_maze_entry_diamond, serial_shops, shop,
          minmay_sticks_and_stones
D:12:     layout_rooms
D:13:     minmay_crescents, layout_basic
D:14:     minmay_glassy_protrusions, layout_basic, grunt_vaults_entry_tiered,
          serial_demonic, serial_demonic_g, serial_demonic_e, serial_demonic_c,
          serial_demonic_c, serial_demonic_b, serial_demonic_b, serial_shops,
          bzr_in_the_mist
D:15:     hangedman_depths_entry_civil_slaughter, layout_loops_cross,
          minivault_24, uniq_nessos
Temple:   pf_temple_reverse_labyrinth
Lair:1:   layout_small_grid
Lair:2:   layout_roguey, guppyfry_snake_entry_garden
Lair:3:   layout_cave_pods, minmay_swamp_entry_reptiles
Lair:4:   layout_loops_ring
Lair:5:   due_jungle_book, layout_cave_pods, slime_entry_1
Swamp:1:  nicolae_swamp_ascending_descending_big, layout_basic_swamp,
          gammafunk_ghost_arena, evilmike_swamp_ruin_house_1
Swamp:2:  layout_falls_marsh, evilmike_swamp_ruin_house_4, swamp_pool4,
          nicolae_swamp_bloodsuckers_inc, uniq_mlioglotl
Swamp:3:  layout_falls_marsh, evilmike_swamp_ruin_house_6, swamp_pool2
Swamp:4:  swamp_alternative, layout_basic_swamp, swamp_pool4,
          nicolae_swamp_vermiculated, infiniplex_staircase_pool
Snake:1:  layout_onion_interference, nicolae_triple_integral,
          serial_bayou_shore_b
Snake:2:  gammafunk_its_a_trap, layout_misc_corridors, uniq_louise
Snake:3:  layout_layer_cave, serial_shops, shop
Snake:4:  grunt_snake_rune_pools, layout_cave_town, nicolae_snake_horde_hoard,
          grunt_megastairs_5
Orc:1:    layout_caves, serial_shops, nicolae_shop_advertising_works
          [nicolae_subvault_shop_adworks], mines2_david, uniq_josephine
Orc:2:    hellmonk_orc_salted, layout_caves, serial_shops, shop
Elf:1:    layout_geoelf_grid, portal_desolation_entry_nicolae_forbidding_blocks,
          basic_altar, minmay_elf_necromancy, amcnicky_mini_corridor_feature
Elf:2:    nicolae_elf_blades_crystal_corner, layout_loops_corners,
          infiniplex_enter_wizlab_water, basic_altar, serial_shops,
          nicolae_shop_behind_doors, uniq_zenata, uniq_nikola, uniq_agnes,
          uniq_asterion
Elf:3:    minmay_elf_hall_circle, layout_loops_corners, serial_shops,
          nicolae_shop_back_alley_shop, nicolae_shop_tiny_real_fake_doors, shop,
          shop, uniq_aizul, uniq_roxanne
Vaults:1: vaults_room_door_hall, grunt_vaults_focal,
          nicolae_vaults_shelves_hall, nicolae_vaults_cochlea,
          nicolae_vaults_heart-shaped_vault, nicolae_vaults_triangles, v_misc_3,
          nicolae_vaults_house_1, hangedman_vaults_nodes,
          nicolae_vaults_windows_and_doors_thing,
          nicolae_vaults_trapezoid_lopsided_4, ontoclasm_vaults_ring_small,
          nicolae_vaults_apartment_2, vaults_dpeg_ring, layout_vaults_big_cross
Vaults:2: gammafunk_ghost_necromancy, vaults_room_hallway,
          ontoclasm_vaults_tryst, nicolae_vaults_network_barrier,
          nicolae_vaults_storage_room_doors, minmay_crypt_entry_simple_sparse,
          dpeg_vaults_monster_box, nicolae_vaults_diamond_1, v_misc_25,
          vaults_dpeg_emergency_exit, nicolae_vaults_little_squares_4,
          layout_vaults_omnigrid
Vaults:3: nicolae_vaults_closet_pinwheel_3, ontoclasm_vaults_twist,
          hangedman_vaults_cutoff, vaults_room_glass_cross,
          nicolae_vaults_six-pack, hangedman_vaults_cutoff,
          nicolae_vaults_border_crossing, nicolae_vaults_alarming,
          layout_vaults_big_room, serial_shops,
          nicolae_shop_tiny_real_fake_doors
Vaults:4: nicolae_vaults_know_your_exits, v_alt_pattern_6,
          nicolae_vaults_lightning_bolt, nicolae_vaults_trapezoid_3,
          nicolae_vaults_storage_closets_3, hangedman_vaults_capsules,
          hangedman_vaults_maws, nicolae_vaults_stepped_doors, v_misc_19,
          nicolae_vaults_diamond_1, nicolae_vaults_trapezoid_1,
          ontoclasm_vaults_chip, nicolae_vaults_trapezoid_3, layout_vaults_ring,
          serial_shops, nicolae_shop_gibbet_a_chance
Vaults:5: uniq_mara
Depths:1: layout_basic, ebering_ghost_disaster_area, grunt_hell_horde,
          grunt_pan_entry_zigzag, st_stairs_7, hangedman_abyss_or_decor_slice,
          nicolae_dithmenos_through_a_glass_darkly
Depths:2: minmay_the_grid_triangle_9x9_rhombus_thin_mashed
          [minmay_the_grid_triangle_9x9_zippers_vertical,
          minmay_the_grid_triangle_9x9_prize_insulated,
          minmay_the_grid_triangle_9x9_steps,
          minmay_the_grid_triangle_9x9_dagger], layout_twisted_cross,
          enter_ziggurat_e, cheibriados_altar_1, serial_sigils,
          serial_sigils_hangedman_gut, serial_sigils_hangedman_shear,
          serial_sigils_hangedman_gut, serial_sigils_hangedman_quiver,
          hell_entry, nicolae_trove_entry_crystal, serial_shops, shop,
          grunt_pan_entry_sceptre, yredelemnul_altar_generic,
          infiniplex_staircase_zigzag_1
Depths:3: minmay_haunted_quarter, layout_gridlike, serial_shops, shop,
          nicolae_abyss_entry_one_way_or_another, hell_entry,
          hex_subvault_narrow
Depths:4: evilmike_zot_entry_diamond, layout_cave_pools, minmay_misc_feat_rows,
          serial_shops, shop, hellmouth_1, nicolae_figureground_sparkle,
          serial_bayou_shore_a
Zot:1:    ebering_greatest_show_in_zot, layout_misc_corridors,
          grunt_megastairs_2
Zot:2:    layout_misc_corridors
Zot:3:    layout_twisted_circle
Zot:4:    layout_gridlike, st_large_dragon_hoard_4
Zot:5:    layout_gridville

Notes
Turn   | Place    | Note
-------+----------+-------------------------------------------
     0 | D:1      | MackTheKnife the Vampire Enchanter began the quest for the
                  | Orb.
     0 | D:1      | Reached XP level 1. HP: 13/13 MP: 3/3
     0 | D:1      | magus.rc [v1.9.6]
   149 | D:1      | Reached XP level 2. HP: 12/19 MP: 5/5
   270 | D:1      | You pick up a book of Blood and begin reading...
   270 | D:1      | You add the spells Sublimation of Blood, Wereblood and
                  | Summon Hydra to your library.
   363 | D:1      | You pick up a book of Debilitation and begin reading...
   363 | D:1      | You add the spells Slow and Vampiric Draining to your
                  | library.
   560 | D:1      | You pick up a book of Callings and begin reading...
   560 | D:1      | You add the spells Summon Small Mammal, Call Canine
                  | Familiar and Summon Guardian Golem to your library.
   601 | D:1      | Reached skill level 5 in Stealth
   610 | D:1      | Learned a level 2 spell: Ensorcelled Hibernation
   654 | D:2      | You pick up a book of Vapours and begin reading...
   654 | D:2      | You add the spells Poisonous Vapours, Mephitic Cloud and
                  | Freezing Cloud to your library.
   837 | D:2      | Noticed Robin
   926 | D:2      | Reached skill level 5 in Hexes
  1017 | D:2      | magus.rc [v1.9.6]
  1059 | D:2      | Gained mutation: You are afflicted with vampirism and can
                  | become a bat while bloodless. [Vampire growth]
  1059 | D:2      | Reached XP level 3. HP: 24/24 MP: 6/6
  1107 | D:2      | Learned a level 3 spell: Confusing Touch
  1129 | D:2      | Killed Robin
  1141 | D:2      | Reached skill level 1 in Ice Magic
  1730 | D:3      | You pick up a book of Burglary and begin reading...
  1730 | D:3      | You add the spells Passwall and Swiftness to your library.
  1867 | D:3      | Found a glowing drain.
  1881 | Sewer    | Entered a sewer
  1888 | Sewer    | Reached XP level 4. HP: 30/30 MP: 7/7
  1929 | Sewer    | Noticed Pargi
  1945 | Sewer    | Killed Pargi
  1946 | Sewer    | Reached skill level 6 in Stealth
  1946 | Sewer    | Reached skill level 6 in Hexes
  1946 | Sewer    | Reached skill level 2 in Ice Magic
  1946 | Sewer    | Reached XP level 5. HP: 35/35 MP: 1/8
  2151 | D:3      | Noticed Terence
  2166 | D:3      | Killed Terence
  2167 | D:3      | Reached skill level 7 in Stealth
  2829 | D:4      | Reached skill level 7 in Hexes
  2829 | D:4      | Reached XP level 6. HP: 41/41 MP: 9/9
  2838 | D:4      | Reached skill level 8 in Stealth
  3084 | D:4      | Reached skill level 8 in Hexes
  3160 | D:4      | Found a snail-covered altar of Cheibriados.
  3320 | D:4      | Reached skill level 3 in Spellcasting
  3635 | D:4      | Reached XP level 7. HP: 45/46 MP: 11/11
  4060 | D:4      | Found a broken altar of Ashenzari.
  4060 | D:4      | Found a sacrificial altar of Ru.
  4065 | D:4      | Found an iron altar of Okawaru.
  4067 | D:4      | Found a shadowy altar of Dithmenos.
  4068 | D:4      | Found a hide-covered altar of Uskayaw.
  4072 | D:4      | Became a worshipper of Dithmenos the Shadowed
  4097 | D:5      | Entered Level 5 of the Dungeon
  4139 | D:5      | Reached skill level 4 in Spellcasting
  4139 | D:5      | Reached skill level 2 in Short Blades
  4160 | D:5      | Reached skill level 3 in Dodging
  4201 | D:5      | Reached skill level 3 in Short Blades
  4415 | D:5      | Found a shimmering altar of Xom.
  4417 | D:5      | Found a shimmering altar of Xom.
  4417 | D:5      | Found a shadowy altar of Dithmenos.
  4419 | D:5      | Found a blossoming altar of Fedhas.
  4419 | D:5      | Found a snail-covered altar of Cheibriados.
  4419 | D:5      | Found a broken altar of Ashenzari.
  4609 | D:5      | Found a burning altar of Makhleb.
  4965 | D:6      | Reached skill level 4 in Dodging
  5030 | D:6      | Reached skill level 4 in Short Blades
  5030 | D:6      | Reached XP level 8. HP: 52/52 MP: 14/14
  5061 | D:6      | Found a staircase to the Ecumenical Temple.
  5096 | Temple   | Entered the Ecumenical Temple
  5519 | D:6      | You fall into a shaft and drop 3 floors!
  5601 | D:9      | Reached skill level 5 in Short Blades
  5601 | D:9      | Reached skill level 5 in Dodging
  5616 | D:9      | Reached skill level 6 in Short Blades
  5616 | D:9      | Reached skill level 6 in Dodging
  5616 | D:9      | Reached skill level 1 in Fighting
  5653 | D:9      | Noticed a two-headed ogre
  5744 | D:9      | Reached skill level 2 in Fighting
  5755 | D:9      | Killed a two-headed ogre
  5755 | D:9      | Reached * piety under Dithmenos
  5756 | D:9      | Reached skill level 4 in Fighting
  5756 | D:9      | Reached skill level 9 in Stealth
  5756 | D:9      | Reached XP level 9. HP: 65/65 MP: 3/15
  5846 | D:9      | Found a staircase to the Orcish Mines.
  5873 | D:9      | Reached skill level 9 in Hexes
  6083 | D:9      | Noticed a two-headed ogre
  6089 | D:9      | Killed a two-headed ogre
  6090 | D:9      | Reached skill level 10 in Stealth
  6090 | D:9      | Reached skill level 10 in Hexes
  6090 | D:9      | Reached skill level 3 in Evocations
  6141 | D:9      | Found an opulent altar of Gozag.
  6145 | D:9      | Reached skill level 4 in Evocations
  6517 | D:9      | Reached skill level 5 in Spellcasting
  6521 | D:9      | Reached XP level 10. HP: 71/71 MP: 10/18
  6819 | D:7      | Noticed Joseph
  6894 | D:6      | Reached skill level 6 in Spellcasting
  6920 | D:6      | Learned a level 3 spell: Tukima's Dance
  6924 | D:6      | Learned a level 3 spell: Mephitic Cloud
  7210 | D:7      | Reached skill level 1 in Air Magic
  7276 | D:7      | Killed Joseph
  7277 | D:7      | Reached skill level 1 in Conjurations
  7317 | D:7      | Noticed Maggie
  7319 | D:7      | Killed Maggie
  7320 | D:7      | Reached skill level 2 in Air Magic
  7483 | D:7      | Reached ** piety under Dithmenos
  7569 | D:7      | Identified 2 scrolls of acquirement
  7569 | D:7      | Acquired the ring of Isym {rPois rF+ MP+9 Int-2 Dex+3}
  7573 | D:7      | Acquired 781 gold pieces
  7824 | D:7      | Reached skill level 2 in Conjurations
  7894 | D:7      | Noticed Menkaure
  7910 | D:7      | Killed Menkaure
  7991 | D:8      | Reached skill level 3 in Air Magic
  8107 | D:8      | Reached skill level 7 in Spellcasting
  8353 | D:8      | Paralysed by an orc for 4 turns
  8380 | D:8      | Reached skill level 3 in Conjurations
  8380 | D:8      | Reached skill level 4 in Air Magic
  8416 | D:8      | Reached skill level 8 in Spellcasting
  8704 | D:10     | Entered Level 10 of the Dungeon
  8750 | D:10     | Found a flagged portal.
  8756 | Bailey   | Entered a bailey
  8788 | Bailey   | Reached skill level 1 in Armour
  8899 | Bailey   | Reached skill level 2 in Armour
  8912 | Bailey   | Reached XP level 11. HP: 77/77 MP: 23/23
  8912 | Bailey   | Identified the +7 trident "Gaes" {flame, rF- rCorr Str+8
                  | Int+3}
  8980 | Bailey   | Noticed a two-headed ogre
  8992 | Bailey   | Killed a two-headed ogre
  8993 | Bailey   | Reached skill level 3 in Armour
  9039 | Bailey   | Reached *** piety under Dithmenos
  9058 | Bailey   | Identified the +5 war axe "Vouras" {venom, rPois rF++}
  9097 | Bailey   | Reached skill level 4 in Armour
  9200 | D:10     | Noticed a six-headed hydra
  9288 | D:10     | Noticed a two-headed ogre
  9293 | D:10     | Found a transporter.
  9294 | D:10     | Noticed SuPeRPuSSyNoOTAB's ghost (novice DsWn)
  9545 | D:10     | Noticed a deep elf pyromancer
  9717 | D:10     | Killed a six-headed hydra
  9718 | D:10     | Reached skill level 5 in Fighting
  9808 | D:10     | Found a transporter.
  9859 | D:10     | Reached skill level 6 in Fighting
  9916 | D:10     | Identified the +2 robe of the Bulwark {Int+2}
  9963 | D:10     | Found a radiant altar of Vehumet.
 10012 | D:10     | Found a hazy altar of Hepliaklqana.
 10073 | D:10     | Reached skill level 11 in Stealth
 10284 | D:10     | Found Boveklar's General Store.
 10287 | D:10     | Bought a scroll of identify for 22 gold pieces
 10436 | D:11     | Noticed a two-headed ogre
 10461 | D:11     | Reached skill level 12 in Stealth
 10584 | D:11     | Found a staircase to the Lair.
 10661 | D:11     | Reached skill level 13 in Stealth
 10673 | D:11     | Reached **** piety under Dithmenos
 10816 | D:11     | Noticed a two-headed ogre
 10817 | D:11     | Found Majaoh's Distillery.
 10823 | D:11     | Killed a two-headed ogre
 10824 | D:11     | Reached skill level 14 in Stealth
 10834 | D:11     | Bought a potion of heal wounds for 75 gold pieces
 10834 | D:11     | Bought a potion of enlightenment for 75 gold pieces
 10834 | D:11     | Bought a potion of heal wounds for 75 gold pieces
 10834 | D:11     | Bought a potion of degeneration for 15 gold pieces
 10965 | D:11     | Noticed a two-headed ogre
 10983 | D:11     | Killed a two-headed ogre
 10984 | D:11     | Reached skill level 3 in Ice Magic
 10984 | D:11     | Reached XP level 12. HP: 80/88 MP: 24/24
 11175 | D:11     | Found the +7 Kryia's mail coat {PotionHeal*2 rC+}
 11181 | D:11     | Reached skill level 5 in Air Magic
 11348 | D:11     | Killed a two-headed ogre
 11349 | D:11     | Reached skill level 4 in Conjurations
 11349 | D:11     | Reached skill level 4 in Ice Magic
 11516 | Lair:1   | Entered Level 1 of the Lair of Beasts
 11578 | Lair:1   | Learned a level 5 spell: Freezing Cloud
 11580 | Lair:1   | magus.rc [v1.9.6]
 11681 | Lair:1   | Reached skill level 6 in Air Magic
 11681 | Lair:1   | magus.rc [v1.9.6]
 11686 | Lair:1   | Reached skill level 5 in Ice Magic
 12313 | Lair:1   | magus.rc [v1.9.6]
 12319 | Lair:2   | Noticed a six-headed hydra
 12354 | Lair:2   | You pick up a book of Geomancy and begin reading...
 12354 | Lair:2   | You add the spells Sandblast and Stone Arrow to your
                  | library.
 12363 | Lair:2   | Reached skill level 6 in Ice Magic
 12785 | Lair:2   | Reached skill level 7 in Ice Magic
 12785 | Lair:2   | Reached skill level 7 in Air Magic
 12787 | Lair:2   | Reached ***** piety under Dithmenos
 12934 | Lair:2   | Found a staircase to the Snake Pit.
 13374 | Lair:3   | Reached skill level 9 in Spellcasting
 13380 | Lair:3   | Noticed a catoblepas
 13397 | Lair:3   | Killed a catoblepas
 13563 | Lair:3   | Identified the +1 falchion "Nusak" {heavy, rCorr Dex+3}
 13663 | Lair:3   | Reached XP level 13. HP: 93/93 MP: 25/26
 13754 | Lair:3   | Found a staircase to the Swamp.
 14565 | Lair:4   | Reached skill level 8 in Ice Magic
 14569 | Lair:4   | Reached skill level 8 in Air Magic
 15075 | Lair:5   | Entered Level 5 of the Lair of Beasts
 15127 | Lair:5   | Reached skill level 10 in Spellcasting
 15294 | Lair:5   | Found a staircase to the Slime Pits.
 15382 | Lair:5   | Reached skill level 7 in Dodging
 15444 | Lair:5   | Reached skill level 7 in Fighting
 15626 | Lair:5   | Reached skill level 8 in Dodging
 15876 | Lair:5   | Reached skill level 8 in Fighting
 15877 | Lair:5   | Reached skill level 9 in Dodging
 16287 | Lair:5   | Noticed a dire elephant
 16287 | Lair:5   | Noticed a dire elephant
 16289 | Lair:5   | Noticed a dire elephant
 16291 | Lair:5   | Reached skill level 10 in Dodging
 16312 | Lair:5   | Killed a dire elephant
 16449 | Lair:5   | magus.rc [v1.9.6]
 16533 | Lair:5   | Reached XP level 14. HP: 87/105 MP: 28/28
 16537 | Lair:5   | Acquired 1056 gold pieces
 16539 | Lair:5   | magus.rc [v1.9.6]
 16704 | Lair:5   | Reached skill level 11 in Hexes
 16753 | Lair:5   | Reached skill level 15 in Stealth
 16774 | Lair:5   | You pick up a book of Changes and begin reading...
 17125 | Orc:1    | Entered Level 1 of the Orcish Mines
 17560 | Orc:1    | Noticed Josephine
 17569 | Orc:1    | Killed Josephine
 17596 | Orc:1    | Reached skill level 12 in Hexes
 17618 | Orc:1    | Found Ewaero's Magic Scroll Shoppe.
 17619 | Orc:1    | You fall into a shaft and drop 1 floor!
 17619 | Orc:2    | Entered Level 2 of the Orcish Mines
 17621 | Orc:2    | Found Veudao Bexo's Magic Scroll Shoppe.
 17627 | Orc:2    | Bought a scroll of identify for 36 gold pieces
 17627 | Orc:2    | Bought a scroll of identify for 36 gold pieces
 17629 | Orc:2    | Bought a scroll of identify for 36 gold pieces
 17629 | Orc:2    | Bought a scroll of revelation for 135 gold pieces
 17692 | Orc:2    | Reached skill level 16 in Stealth
 17764 | Orc:2    | Noticed an orc warlord
 17936 | Orc:2    | Found a staircase to the Elven Halls.
 17954 | Orc:1    | Paralysed by an orc sorcerer for 2 turns
 18139 | Orc:1    | Bought a scroll of poison for 64 gold pieces
 18139 | Orc:1    | Bought a scroll of blinking for 120 gold pieces
 18139 | Orc:1    | Bought 2 scrolls of identify for 64 gold pieces
 18141 | Orc:1    | Bought a scroll of immolation for 64 gold pieces
 18141 | Orc:1    | Bought a scroll of fear for 64 gold pieces
 18439 | Orc:2    | Reached skill level 13 in Hexes
 18453 | Orc:2    | Found Xiupusch's Assorted Antiques.
 18704 | Orc:2    | Bought a scroll of enchant armour for 187 gold pieces
 19047 | Orc:2    | Reached ****** piety under Dithmenos
 19048 | Orc:2    | Reached skill level 17 in Stealth
 19058 | Orc:2    | Found Fusys's Antique Weapon Shop.
 19260 | Orc:2    | Reached skill level 14 in Hexes
 19267 | Orc:2    | Killed an orc warlord
 19267 | Orc:2    | Noticed an orc warlord
 19279 | Orc:2    | Killed an orc warlord
 19280 | Orc:2    | Reached skill level 18 in Stealth
 19294 | Orc:2    | Reached skill level 1 in Shields
 19319 | Orc:2    | Reached skill level 2 in Shields
 19371 | Orc:2    | Found Zaeribel's Distillery.
 19374 | Orc:2    | Found Souddicw's General Store.
 19383 | Orc:2    | Bought a potion of heal wounds for 60 gold pieces
 19383 | Orc:2    | Bought a potion of cancellation for 96 gold pieces
 19383 | Orc:2    | Bought 2 potions of cancellation for 192 gold pieces
 19383 | Orc:2    | Bought a potion of haste for 120 gold pieces
 19383 | Orc:2    | Bought a potion of haste for 120 gold pieces
 19383 | Orc:2    | Bought a potion of curing for 36 gold pieces
 19383 | Orc:2    | Bought a potion of curing for 36 gold pieces
 19387 | Orc:2    | Bought a potion of cancellation for 120 gold pieces
 19387 | Orc:2    | Bought a potion of magic for 120 gold pieces
 19387 | Orc:2    | Bought a box of beasts for 600 gold pieces
 19387 | Orc:2    | Bought a potion of haste for 150 gold pieces
 19447 | Elf:1    | Entered Level 1 of the Elven Halls
 19479 | Elf:1    | Found a shimmering blue altar of Sif Muna.
 19506 | Elf:1    | Reached skill level 3 in Shields
 19582 | Elf:1    | Reached skill level 4 in Shields
 19798 | Elf:1    | Reached skill level 5 in Shields
 19798 | Elf:1    | Reached XP level 15. HP: 110/110 MP: 29/29
 19995 | Elf:1    | HP: 25/110 [+0 heavy halberd (27)]
 20215 | D:12     | Reached skill level 6 in Shields
 20564 | D:12     | You pick up a book of Winter and begin reading...
 20564 | D:12     | You add the spells Ozocubu's Armour, Metabolic Englaciation
                  | and Simulacrum to your library.
 20622 | D:12     | Learned a level 5 spell: Metabolic Englaciation
 20684 | D:12     | You pick up a book of Callings and begin reading...
 20853 | D:13     | Reached skill level 7 in Short Blades
 20971 | D:13     | Reached skill level 8 in Short Blades
 20974 | D:13     | You pick up a book of Conjurations {@e2} and begin
                  | reading...
 20974 | D:13     | You add the spells Magic Dart, Searing Ray and Fulminant
                  | Prism to your library.
 21529 | D:13     | Reached skill level 9 in Short Blades
 21835 | D:13     | Reached skill level 10 in Short Blades
 22007 | D:14     | Noticed a frost giant
 22017 | D:14     | Noticed a frost giant
 22019 | D:14     | Killed a frost giant
 22022 | D:14     | Reached skill level 9 in Fighting
 22023 | D:14     | Killed a frost giant
 22031 | D:14     | You add the spells Olgreb's Toxic Radiance, Ignition and
                  | Discord to your library.
 22420 | D:14     | Reached skill level 10 in Fighting
 22436 | D:14     | Reached skill level 1 in Invocations
 22697 | D:14     | Identified the +5 sling "Oworgh" {flame, Str-4 Int+6 Dex-5
                  | Stlth+}
 22748 | D:14     | Reached skill level 2 in Invocations
 22772 | D:14     | Found a gate to the Vaults.
 22787 | D:14     | You pick up a book of Spectacle and begin reading...
 22787 | D:14     | You add the spells Volatile Blastmotes, Starburst and
                  | Maxwell's Capacitive Coupling to your library.
 23021 | D:14     | Found a gateway to a bazaar.
 23038 | Bazaar   | Entered a bazaar
 23038 | Bazaar   | Found Wemog's Armour Emporium.
 23038 | Bazaar   | Found Caebro's Book Shoppe.
 23038 | Bazaar   | Found Hyathien's Weapon Emporium.
 23038 | Bazaar   | Found Fixer's Weapon Emporium.
 23038 | Bazaar   | Found Vinuempa's Book Shoppe.
 23067 | Bazaar   | Bought a book of Misfortune for 504 gold pieces
 23067 | Bazaar   | You pick up a book of Misfortune and begin reading...
 23067 | Bazaar   | You add the spells Inner Flame, Yara's Violent Unravelling
                  | and Enfeeble to your library.
 23075 | Bazaar   | Learned a level 7 spell: Enfeeble
 23130 | D:14     | Reached skill level 5 in Evocations
 23233 | D:14     | Reached skill level 3 in Invocations
 23562 | D:15     | Entered Level 15 of the Dungeon
 23606 | D:15     | Reached XP level 16. HP: 101/122 MP: 27/30
 23706 | D:15     | Reached skill level 4 in Invocations
 23716 | D:15     | Found a staircase to the Depths.
 23720 | D:15     | Reached skill level 6 in Evocations
 23929 | D:15     | Noticed Nessos
 23932 | D:15     | Killed Nessos
 24413 | Snake:1  | Entered Level 1 of the Snake Pit
 24414 | Snake:1  | magus.rc [v1.9.6]
 24431 | Snake:1  | Identified the +8 trident "Wiuz" {flame, *Slow Fragile
                  | rF+++ rCorr}
 24433 | Snake:1  | Reached skill level 15 in Hexes
 24664 | Snake:1  | Reached skill level 16 in Hexes
 24938 | Snake:1  | You pick up a book of Blood and begin reading...
 25050 | Lair:2   | Reached skill level 17 in Hexes
 25960 | Snake:2  | Upgraded the game from 0.31-a0-620-gd1cbd99268 to
                  | 0.31-a0-626-g8143ab4f1d
 25960 | Snake:2  | magus.rc [v1.9.6]
 26039 | Snake:2  | Noticed Louise
 26100 | Snake:2  | Killed Louise
 26101 | Snake:2  | Reached skill level 18 in Hexes
 26223 | Snake:2  | Found a transporter.
 26452 | Snake:2  | Found a transporter.
 26738 | Snake:2  | Reached skill level 19 in Hexes
 26831 | Snake:2  | You pick up a book of Blasting and begin reading...
 26834 | Snake:2  | You add the spells Gell's Gravitas, Teleport Other and
                  | Dispersal to your library.
 26836 | Snake:2  | Identified the amulet "Wokhelen" {RegenMP +Inv rCorr Str+3
                  | Dex-4}
 26843 | Snake:2  | Identified the ring "Wapaog" {Wiz rC++ Will+}
 26886 | Snake:2  | Learned a level 8 spell: Discord
 28148 | Snake:3  | Found Deereg's Assorted Antiques.
 28187 | Snake:3  | Reached skill level 20 in Hexes
 28206 | Snake:3  | Bought a potion of haste for 460 gold pieces
 28206 | Snake:3  | Bought a potion of resistance for 460 gold pieces
 28470 | Snake:4  | Entered Level 4 of the Snake Pit
 28773 | Snake:4  | Reached XP level 17. HP: 128/128 MP: 13/31
 28902 | Snake:4  | Identified the +0 scimitar of Dim Light {venom, rElec rC++
                  | rCorr Dex+4}
 29043 | Snake:4  | Reached skill level 21 in Hexes
 29378 | Snake:4  | Found a runed translucent gate.
 29378 | Snake:4  | Found a runed translucent gate.
 29378 | Snake:4  | Found a runed translucent gate.
 29396 | Snake:4  | Reached skill level 19 in Stealth
 29786 | Snake:4  | Reached skill level 20 in Stealth
 30554 | Snake:4  | Reached skill level 21 in Stealth
 31540 | Snake:4  | Got a serpentine rune of Zot
 31827 | Swamp:1  | Entered Level 1 of the Swamp
 31827 | Swamp:1  | Noticed a tentacled monstrosity
 31837 | Swamp:1  | Found a transporter.
 31849 | Lair:3   | Reached skill level 11 in Spellcasting
 31898 | Swamp:1  | Noticed Vorraat's ghost (journeyman HOMo)
 31905 | Lair:3   | HP: 29/128 [eight-headed hydra (4)]
 32107 | Swamp:1  | Paralysed by a hornet for 1 turns
 32233 | Swamp:1  | Found a transporter.
 32252 | Swamp:1  | Identified the +2 hat "Zihim" {-Cast rPois rF+ SInv}
 32714 | Swamp:1  | Identified the +2 helmet of Opirch {rF- rN+++ Regen+ Str-3}
 33027 | Swamp:1  | Reached skill level 12 in Spellcasting
 33448 | Swamp:2  | Noticed Mlioglotl
 34253 | Swamp:2  | Killed Mlioglotl
 34351 | Swamp:2  | Reached XP level 18. HP: 116/134 MP: 13/34
 34522 | Swamp:2  | Reached skill level 13 in Spellcasting
 35752 | Swamp:3  | You add the spells Summon Forest and Eringya's Noxious Bog
                  | to your library.
 35898 | Swamp:4  | Entered Level 4 of the Swamp
 35898 | Swamp:4  | Noticed a tentacled monstrosity
 35900 | Swamp:4  | Killed a tentacled monstrosity
 35928 | Swamp:4  | Reached skill level 14 in Spellcasting
 35935 | Swamp:4  | Learned a level 6 spell: Dispersal
 35940 | Swamp:4  | Learned a level 3 spell: Teleport Other
 35947 | Swamp:4  | Learned a level 6 spell: Dispersal
 35972 | Swamp:4  | Reached skill level 1 in Translocations
 35974 | Swamp:4  | Reached skill level 2 in Translocations
 35977 | Swamp:4  | Reached skill level 3 in Translocations
 36113 | Swamp:4  | Got a decaying rune of Zot
 36214 | Swamp:4  | Reached skill level 4 in Translocations
 36547 | Swamp:4  | Reached skill level 5 in Translocations
 37023 | Swamp:4  | Reached skill level 6 in Translocations
 37695 | Vaults:1 | Entered Level 1 of the Vaults
 37827 | Vaults:1 | Reached skill level 7 in Translocations
 38262 | Vaults:1 | You pick up a book of Chaos and begin reading...
 38262 | Vaults:1 | You add the spells Conjure Ball Lightning and Disjunction
                  | to your library.
 38292 | Vaults:1 | You add the spells Blink and Manifold Assault to your
                  | library.
 38471 | Vaults:1 | Identified the amulet "Ufaiqiopn" {Acrobat Harm rElec}
 38687 | Vaults:1 | Reached skill level 8 in Translocations
 39260 | Vaults:1 | Reached skill level 9 in Translocations
 39502 | Vaults:1 | HP: 32/134 [vault warden/+0 great sword of holy wrath (57)]
 39503 | Vaults:1 | Reached XP level 19. HP: 34/140 MP: 27/37
 40133 | Vaults:2 | Reached skill level 10 in Translocations
 40142 | Vaults:2 | Learned a level 5 spell: Yara's Violent Unravelling
 40146 | Vaults:2 | Learned a level 3 spell: Swiftness
 40154 | Vaults:2 | Found a runed translucent gate.
 40154 | Vaults:2 | Found a runed translucent gate.
 40154 | Vaults:2 | Found a runed translucent gate.
 40422 | Vaults:2 | magus.rc [v1.9.6]
 41107 | Vaults:2 | magus.rc [v1.9.6]
 41152 | Vaults:2 | Reached skill level 11 in Dodging
 41368 | Vaults:2 | Noticed a curse skull
 41370 | Vaults:2 | Found a staircase to the Crypt.
 41371 | Vaults:2 | Killed a curse skull
 41876 | Vaults:2 | Noticed Aram's ghost (adept AtMo)
 41886 | Vaults:2 | magus.rc [v1.9.6]
 41891 | Vaults:2 | magus.rc [v1.9.6]
 42125 | Vaults:3 | Reached skill level 11 in Fighting
 42366 | Vaults:3 | Found Jeteufy's Book Boutique.
 42646 | Vaults:3 | Reached skill level 12 in Dodging
 42732 | Vaults:3 | Identified the +9 plate armour "Toebul Ecapt" {rPois rC-
                  | Dex+8}
 43081 | Vaults:3 | HP: 36/145 [poisoned by a war gargoyle]
 43086 | Vaults:3 | HP: 34/145 [poisoned by a war gargoyle]
 44100 | Vaults:4 | You add the spells Animate Dead and Summon Lightning Spire
                  | to your library.
 44100 | Vaults:4 | Got Onkumak's Spellbook of the Deathly Comitatus
 44108 | Vaults:4 | Reached skill level 12 in Fighting
 44173 | Vaults:4 | Found Xyseol's Magic Scroll Shoppe.
 44181 | Vaults:4 | Bought a scroll of acquirement for 884 gold pieces
 44181 | Vaults:4 | Acquired the +3 buckler of Raed {rC+}
 44420 | Vaults:4 | Reached skill level 13 in Dodging
 44849 | Vaults:4 | Reached skill level 14 in Dodging
 45052 | Vaults:4 | Reached XP level 20. HP: 153/153 MP: 38/38
 45405 | Vaults:4 | You pick up a book of the Warp and begin reading...
 46018 | Elf:1    | You add the spells Borgnjor's Vile Clutch and Haunt to your
                  | library.
 46018 | Elf:1    | Got the Incunable of Sciomancy
 46304 | Elf:1    | magus.rc [v1.9.6]
 46387 | Elf:2    | Found Coyl's Magic Scroll Boutique.
 46390 | Elf:2    | Bought a scroll of blinking for 97 gold pieces
 46398 | Elf:2    | Found a magical portal.
 46410 | WizLab   | Entered Eringya's Formal Garden
 46434 | WizLab   | Reached skill level 22 in Hexes
 46838 | WizLab   | You pick up a book of Spectacle and begin reading...
 46873 | WizLab   | Reached skill level 23 in Hexes
 46941 | WizLab   | Found a blossoming altar of Fedhas.
 47003 | WizLab   | You pick up a book of Alchemy and begin reading...
 47334 | Elf:2    | You pick up a book of Blasting and begin reading...
 47464 | Elf:2    | Noticed Agnes
 47470 | Elf:2    | Killed Agnes
 47665 | Elf:2    | Reached skill level 24 in Hexes
 47990 | Elf:2    | Noticed Nikola
 48172 | Elf:2    | Killed Nikola
 48518 | Elf:2    | Noticed Zenata
 48533 | Elf:2    | Killed Zenata
 48716 | Elf:3    | Entered Level 3 of the Elven Halls
 48775 | Elf:3    | Found Xaoso's General Store.
 48861 | Elf:3    | Noticed Aizul
 48866 | Elf:3    | Killed Aizul
 48989 | Elf:3    | Found Giatifas's Magic Scroll Shoppe.
 49188 | Elf:3    | Found Imutiy's Magic Scroll Boutique.
 49192 | Elf:3    | Bought a scroll of blinking for 97 gold pieces
 49201 | Elf:3    | Noticed Roxanne
 49234 | Elf:3    | Found Gyligoaj's Magic Scroll Boutique.
 49242 | Elf:3    | Bought a scroll of blinking for 127 gold pieces
 49649 | Elf:3    | Reached skill level 25 in Hexes
 50630 | Elf:3    | Identified the ring of Contention {rElec Will++ Dex+6}
 50774 | Elf:3    | Identified the +4 hand axe of Crusades {venom, rN+++}
 50774 | Elf:3    | Identified the ring of Lugonu's Indignation {Int+4 SInv}
 50778 | Elf:3    | Reached skill level 26 in Hexes
 50938 | Elf:3    | Identified the ring "Ocusuon" {+Blink rF+ rCorr Stlth+}
 51132 | Elf:3    | Got the Folio of the Eternal Void
 51134 | Elf:3    | You add the spells Freeze, Cigotuvi's Dreadful Rot and
                  | Ozocubu's Refrigeration to your library.
 51134 | Elf:3    | Got Zaasufisk's Quarto of Pestilence and Cryomancy
 51152 | Elf:3    | Reached XP level 21. HP: 159/159 MP: 35/39
 51157 | Elf:3    | Identified the staff "Killer Bee's Bane" {Contam Str+4
                  | Conj}
 51198 | Elf:3    | You add the spells Animate Armour and Lee's Rapid
                  | Deconstruction to your library.
 51198 | Elf:3    | Got the Handbook of Gritty Flesh
 51539 | Elf:3    | Bought a scroll of enchant weapon for 120 gold pieces
 51539 | Elf:3    | Bought a scroll of enchant weapon for 120 gold pieces
 51880 | Depths:1 | Entered Level 1 of the Depths
 52380 | Orc:1    | Bought a scroll of teleportation for 48 gold pieces
 52510 | Elf:3    | Bought a scroll of teleportation for 48 gold pieces
 52510 | Elf:3    | Bought a scroll of summoning for 152 gold pieces
 52608 | Elf:3    | Bought a scroll of enchant weapon for 127 gold pieces
 52608 | Elf:3    | Bought a scroll of teleportation for 51 gold pieces
 52608 | Elf:3    | Bought a scroll of teleportation for 51 gold pieces
 52608 | Elf:3    | Bought a scroll of teleportation for 51 gold pieces
 52959 | Depths:1 | Reached skill level 11 in Short Blades
 53084 | Depths:1 | Reached skill level 27 in Hexes
 53468 | Depths:1 | Found a one-way gate leading to the halls of Pandemonium.
 53573 | Depths:1 | magus.rc [v1.9.6]
 53657 | Depths:1 | Reached skill level 12 in Short Blades
 54044 | Depths:1 | Reached skill level 13 in Short Blades
 54295 | Depths:1 | Found a shadowy altar of Dithmenos.
 54416 | Depths:1 | Found a gateway to Hell.
 54432 | Depths:1 | Reached skill level 14 in Short Blades
 54582 | Depths:1 | Found a large runed translucent door.
 54583 | Depths:1 | Found a large runed translucent door.
 54585 | Depths:1 | Noticed Yteiw's ghost (adept HOMo)
 54759 | Depths:1 | magus.rc [v1.9.6]
 54789 | Depths:2 | Found a basalt altar of Yredelemnul.
 54833 | Depths:2 | You pick up a book of Displacement and begin reading...
 55340 | Depths:2 | Noticed a caustic shrike
 55357 | Depths:2 | Killed a caustic shrike
 55638 | Depths:2 | Found a snail-covered altar of Cheibriados.
 55656 | Depths:2 | Reached skill level 15 in Dodging
 55724 | Depths:2 | Found a one-way gateway to a ziggurat.
 55909 | Depths:2 | Found a portal to a secret trove of treasure.
 55918 | Depths:2 | You paid a toll of 3 potions of resistance to enter a
                  | treasure trove
 55919 | Trove    | Entered a treasure trove
 56007 | Depths:2 | Found Ceugaur's Antique Weapon Shoppe.
 56072 | Depths:2 | Noticed a caustic shrike
 56074 | Depths:2 | Noticed a caustic shrike
 56074 | Depths:2 | Noticed a caustic shrike
 56077 | Depths:2 | Killed a caustic shrike
 56078 | Depths:2 | Reached skill level 13 in Fighting
 56083 | Depths:2 | Killed a caustic shrike
 56093 | Depths:2 | HP: 40/162 [acid (4)]
 56095 | Depths:2 | Killed a caustic shrike
 56753 | Depths:3 | Noticed a golden dragon
 56883 | Depths:3 | Found a one-way gate to the infinite horrors of the Abyss.
 56884 | Depths:3 | Found Lattoc's General Store.
 56917 | Depths:3 | Bought a +2 pair of gloves of dexterity for 451 gold pieces
 56917 | Depths:3 | Bought a potion of might for 84 gold pieces
 56917 | Depths:3 | Bought a potion of heal wounds for 105 gold pieces
 57247 | Depths:3 | Reached skill level 16 in Dodging
 57311 | Depths:3 | Reached XP level 22. HP: 146/171 MP: 32/40
 57788 | Depths:3 | Reached skill level 14 in Fighting
 57870 | Depths:4 | Entered Level 4 of the Depths
 58077 | Depths:4 | HP: 36/170 [spriggan air mage/the air (22)]
 58078 | Depths:4 | Reached skill level 22 in Stealth
 58285 | Depths:4 | Found a gate to the Realm of Zot.
 58451 | Depths:4 | Found Ciblikov's Magic Scroll Emporium.
 58515 | Depths:4 | Bought a scroll of teleportation for 45 gold pieces
 58515 | Depths:4 | Bought a scroll of teleportation for 45 gold pieces
 58515 | Depths:4 | Bought a scroll of summoning for 142 gold pieces
 58626 | Depths:4 | Noticed a juggernaut
 58628 | Depths:4 | Reached skill level 23 in Stealth
 58646 | Depths:4 | Killed a juggernaut
 59158 | Depths:4 | Noticed a golden dragon
 59221 | Depths:4 | Killed a golden dragon
 59221 | Depths:4 | Identified +0 gold dragon scales
 59222 | Depths:4 | Reached skill level 24 in Stealth
 59366 | Depths:4 | +0 gold dragon scales {rare}; a golden dragon corpse
 59385 | Depths:4 | +0 gold dragon scales {rare}; a golden dragon corpse
 59769 | Vaults:5 | Entered Level 5 of the Vaults
 59769 | Vaults:5 | Noticed an ancient lich
 59783 | Vaults:5 | Killed an ancient lich
 59784 | Vaults:5 | Reached skill level 25 in Stealth
 59798 | Vaults:5 | Noticed a dread lich
 59976 | Vaults:4 | Killed a dread lich
 59976 | Vaults:4 | Gained mutation: You are vulnerable to cold. (rC-) [you]
 60098 | Vaults:4 | Lost mutation: You are vulnerable to cold. (rC-) [potion of
                  | mutation]
 60098 | Vaults:4 | Gained mutation: You occasionally lose the ability to read
                  | scrolls when taking damage. [potion of mutation]
 60099 | Vaults:4 | Lost mutation: You occasionally lose the ability to read
                  | scrolls when taking damage. [potion of mutation]
 60099 | Vaults:4 | Gained mutation: Your spells are a little harder to cast,
                  | but a little more powerful. [potion of mutation]
 60107 | Vaults:5 | Noticed an ancient lich
 60156 | Vaults:5 | Noticed a dread lich
 60156 | Vaults:5 | Noticed a dread lich
 60176 | Vaults:4 | Gained mutation: You have a pair of small antennae on your
                  | head. [you]
 60187 | Vaults:4 | Killed a dread lich
 60188 | Vaults:4 | Reached skill level 26 in Stealth
 60290 | Vaults:4 | Killed a dread lich
 60454 | Vaults:5 | Identified the ring "Emurhosmim" {Ice SInv}
 60464 | Vaults:5 | Identified the staff "Gupp" {rPois rC+ Ice}
 60525 | Vaults:5 | Killed an ancient lich
 60567 | Vaults:5 | Got the Handbook of Blows
 60596 | Vaults:5 | You pick up a book of Fire and begin reading...
 60596 | Vaults:5 | You add the spells Foxfire and Plasma Beam to your library.
 60628 | Vaults:5 | Reached skill level 27 in Stealth
 60833 | Vaults:5 | Killed an ancient lich
 60842 | Vaults:5 | Reached XP level 23. HP: 178/178 MP: 26/41
 60910 | Vaults:5 | Identified the +6 battleaxe of Ympud {venom, +Blink rElec}
 61055 | Vaults:5 | +0 shadow dragon scales {rare}; a shadow dragon corpse
 61059 | Vaults:5 | Reached skill level 11 in Translocations
 61200 | Vaults:5 | Identified the +8 great sword of Nemelex Xobeh's Hatred
                  | {protect, Will+ Int+3 Dex-3 SInv}
 61241 | Vaults:5 | Got a silver rune of Zot
 61258 | Vaults:5 | You pick up a book of Blood and begin reading...
 61278 | Vaults:5 | Noticed Mara
 61297 | Vaults:5 | Killed Mara
 61460 | Vaults:5 | You pick up a book of the Dragon and begin reading...
 61460 | Vaults:5 | You add the spells Cause Fear, Fireball and Dragon's Call
                  | to your library.
 61463 | Vaults:5 | You pick up a book of Geomancy and begin reading...
 61466 | Vaults:5 | You pick up a book of Spectacle and begin reading...
 61518 | Vaults:5 | Identified +0 gold dragon scales
 61531 | Vaults:5 | Reached skill level 12 in Translocations
 61680 | Vaults:5 | Reached skill level 5 in Armour
 61911 | Vaults:5 | You pick up a book of Minor Magic and begin reading...
 61947 | Vaults:5 | Identified the +5 dagger of Ashenzari, Hungering {heavy,
                  | rF+}
 62093 | Vaults:5 | Reached skill level 6 in Armour
 62609 | Zot:1    | Entered Level 1 of the Realm of Zot
 62619 | Zot:1    | Reached skill level 7 in Armour
 62634 | Zot:1    | Reached skill level 8 in Armour
 63197 | Zot:1    | Reached skill level 15 in Spellcasting
 63280 | Zot:1    | +0 shadow dragon scales {rare}; a +0 dire flail {mace}; a
                  | +0 cloak
 63433 | Zot:1    | +0 storm dragon scales {rare}; a storm dragon corpse
 63628 | Zot:1    | +0 storm dragon scales {rare}; a storm dragon skeleton
 64003 | Zot:2    | You pick up a book of Minor Magic and begin reading...
 64011 | Zot:2    | Reached skill level 16 in Spellcasting
 64049 | Zot:2    | Reached skill level 7 in Evocations
 64276 | Zot:2    | Reached skill level 8 in Evocations
 64362 | Zot:2    | Got the Directory of the Summoned Sphinx
 64470 | Zot:2    | You fall into a shaft and drop 1 floor!
 64547 | Zot:2    | Reached XP level 24. HP: 175/185 MP: 38/43
 64548 | Zot:2    | Reached skill level 5 in Invocations
 64570 | Zot:2    | Reached skill level 6 in Invocations
 64805 | Depths:4 | Bought a scroll of acquirement for 780 gold pieces
 64806 | Depths:4 | Acquired 1196 gold pieces
 64996 | Zot:3    | Identified +0 gold dragon scales
 65001 | Zot:3    | HP: 42/185 [purple draconian shifter/bolt of dispelling
                  | energy[a purple draconian shifter] (15)]
 65004 | Zot:3    | Reached skill level 7 in Invocations
 65245 | Zot:3    | Noticed an electric golem
 65284 | Zot:2    | Killed an electric golem
 65463 | Zot:4    | Reached skill level 8 in Invocations
 65476 | Zot:5    | Entered Level 5 of the Realm of Zot
 65577 | Zot:5    | Noticed an orb of fire
 65579 | Zot:5    | Killed an orb of fire
 65812 | Zot:5    | Identified the +1 great mace of Gunad {freeze, rPois rF++}
 65832 | Zot:5    | Reached skill level 15 in Fighting
 66027 | Zot:5    | Identified +0 gold dragon scales
 66404 | Zot:5    | Noticed an orb of fire
 66409 | Zot:5    | Noticed a dread lich
 66417 | Zot:5    | Killed a dread lich
 66424 | Zot:5    | Noticed a Killer Klown
 66433 | Zot:5    | Noticed a Killer Klown
 66438 | Zot:5    | Noticed an ancient lich
 66704 | Zot:5    | Reached skill level 16 in Fighting
 66784 | Zot:4    | Killed a Killer Klown
 66854 | Zot:5    | Killed an ancient lich
 66914 | Zot:5    | Lost mutation: Your spells are a little harder to cast, but
                  | a little more powerful. [an orb of fire]
 66915 | Zot:5    | HP: 45/191 [orb of fire/bolt of fire (31)]
 67164 | Zot:5    | Killed a Killer Klown
 67258 | Zot:5    | Noticed a dread lich
 67262 | Zot:5    | Noticed an orb of fire
 67267 | Zot:5    | Gained mutation: Armour fits poorly on your strangely
                  | shaped body. [an orb of fire]
 67307 | Zot:5    | Killed a dread lich
 67465 | Zot:5    | Noticed an electric golem
 67506 | Zot:5    | Noticed a dread lich
 67510 | Zot:5    | Noticed a Killer Klown
 67535 | Zot:5    | Got the Orb of Zot
 67549 | Zot:5    | Reached skill level 17 in Fighting
 67551 | Zot:5    | Killed a Killer Klown
 67556 | Zot:5    | Killed an electric golem
 67576 | Zot:4    | Noticed Jiuxug the pandemonium lord
 67653 | Depths:4 | Noticed Voigha the pandemonium lord
 68053 | D:$      | Escaped with the Orb!

Vanquished Creatures
  4 dread liches
  2 ancient liches (Vaults:5)
  An orb of fire (Zot:5)
  Mara (Vaults:5)
  A juggernaut (Depths:4)
  2 Killer Klowns
  3 caustic shrikes (Depths:2)
  Nikola (Elf:2)
  5 golden dragons
  An electric golem (Zot:2)
  A hellephant (Depths:1)
  Zenata (Elf:2)
  13 tentacled monstrosities
  3 liches
  Mlioglotl (Swamp:2)
  5 Orb Guardians (Zot:5)
  2 quicksilver dragons
  5 deep elf master archers
  6 titans
  2 deep elf blademasters (Elf:3)
  4 sphinxes
  4 death cobs
  4 thorn hunters
  6 shadow dragons
  Agnes (Elf:2)
  3 tengu reavers
  A revenant (Vaults:2)
  2 fenstrider witches (WizLab)
  3 storm dragons
  4 nagarajas
  Aizul (Elf:3)
  6 draconian knights
  2 draconian monks
  11 vault wardens
  2 fire giants (Depths:4)
  5 deep elf sorcerers
  5 frost giants
  3 deep elf elementalists (Elf:3)
  2 ghost moths
  Louise (Snake:2)
  4 draconian shifters
  A draconian scorcher (Depths:4)
  A curse skull (Vaults:2)
  A draconian stormcaller (Depths:4)
  4 stone giants
  3 orc warlords
  5 ironbound preservers
  7 very ugly things
  A draconian annihilator (Zot:1)
  8 ironbound thunderhulks
  A vampire knight (Vaults:2)
  A formless jellyfish (Vaults:3)
  5 deep elf demonologists
  2 green draconians
  3 eleionomae
  2 red draconians
  Nessos (D:15)
  4 dire elephants
  3 yellow draconians
  4 deep elf annihilators
  A spark wasp (Depths:1)
  2 white draconians
  4 purple draconians
  2 bunyips
  3 deep elf death magi
  6 fire dragons
  2 jiangshi (Depths:1)
  A merfolk impaler (Depths:4)
  Josephine (Orc:1)
  13 ettins
  5 deep elf high priests (Elf:3)
  A great orb of eyes (Vaults:2)
  4 shambling mangroves
  4 salamander tyrants (Snake:4)
  7 rakshasas
  15 hydras
  6 ice dragons
  5 yaktaur captains
  2 ghost crabs
  6 ironbound frosthearts
  4 vault guards
  6 spriggan air magi
  3 catoblepae
  21 centaur warriors
  4 ogre magi
  9 two-headed ogres
  10 dancing weapons
  2 boulder beetles
  9 alligators
  11 anacondas
  2 tengu warriors
  5 death yaks (Lair:5)
  5 deep troll earth magi
  5 satyrs (WizLab)
  7 naga warriors
  An orc high priest (Orc:2)
  2 spriggan berserkers
  A vampire mage (Depths:1)
  13 naga sharpshooters
  3 hell knights
  9 shock serpents
  A sun demon (Depths:4)
  7 deep elf knights
  A soul eater (Depths:1)
  An iron troll (Depths:2)
  A sixfirhy (Depths:1)
  4 salamander mystics (Snake:4)
  2 shadow wraiths (Vaults:5)
  7 goliath frogs
  A skeletal warrior (Vaults:2)
  2 large abominations (Elf:1)
  2 bog bodies
  13 swamp dragons
  8 deep elf archers
  A steelbarb worm (Swamp:4)
  6 spriggan druids
  9 deep trolls
  9 lindwurms
  2 naga ritualists
  A glowing orange brain (Depths:4)
  9 ironbound convokers
  2 flayed ghosts
  3 phantasmal warriors
  7 wizards
  12 deep elf zephyrmancers
  A lindwurm (shapeshifter) (D:14)
  11 orc knights
  7 mana vipers
  7 necromancers
  A tengu skeleton (Vaults:2)
  9 cyclopes
  10 orc sorcerers
  14 deep elf pyromancers
  25 ugly things
  2 manticores
  A will-o-the-wisp (Swamp:4)
  19 salamanders
  A dire elephant zombie (Lair:5)
  A rust devil (Depths:1)
  35 black mambas
  5 guardian serpents
  7 elephants (Lair:5)
  8 moths of wrath
  10 vault sentinels
  7 naga magi
  Joseph (D:7)
  An unseen horror (D:12)
  10 cane toads
  4 gargoyles
  A human skeleton (Vaults:2)
  2 orange demons (D:14)
  Maggie (D:7)
  2 rime drakes
  6 yaktaurs
  A dire elephant skeleton (Lair:5)
  4 freezing wraiths (Vaults:5)
  14 komodo dragons
  A yaktaur (shapeshifter) (D:14)
  4 tengu conjurers
  A red devil (D:14)
  6 trolls
  5 ice devils
  9 hornets
  4 meliai
  2 ettin zombies
  A hellwing (D:14)
  11 tyrant leeches
  A polar bear (Lair:1)
  A blink frog (shapeshifter) (Depths:3)
  9 saltlings (Orc:2)
  4 blink frogs (Lair:2)
  A stone giant simulacrum (Depths:1)
  26 dream sheep
  A raiju (shapeshifter) (D:13)
  A spectral elephant (Lair:5)
  14 slime creatures
  A ynoxinul (D:14)
  5 wraiths
  A vampire (D:11)
  6 wyverns
  56 yaks
  9 spriggans
  5 water elementals
  A dire elephant simulacrum (Lair:5)
  22 humans (D:14)
  A neqoxec (Depths:1)
  3 basilisks
  2 chaos spawn (D:14)
  10 vampire mosquitoes
  2 steam dragons
  Menkaure (D:7)
  An elf skeleton (Vaults:2)
  9 swamp worms
  3 wargs (Orc:2)
  21 nagas
  A spectral cane toad (Lair:5)
  An acid dragon (D:13)
  2 floating eyes (Depths:2)
  A floating eye (shapeshifter) (Vaults:5)
  12 water moccasins
  4 swamp drakes
  22 orc warriors
  Pargi (Sewer)
  A spriggan simulacrum (Depths:1)
  An elephant zombie (Lair:5)
  5 black bears
  An ice beast (D:7)
  A black bear (shapeshifter) (D:13)
  13 ogres
  6 wolves (Lair:2)
  6 boggarts
  20 centaurs
  2 elephant skeletons (Lair:5)
  13 bullfrogs
  2 elf zombies (Elf:1)
  A gnoll sergeant (D:10)
  3 cane toad simulacra (Lair:5)
  An earth elemental (Elf:1)
  7 scorpions
  5 wights (D:7)
  3 elephant simulacra (Lair:5)
  13 killer bees
  An electric eel (D:11)
  6 howler monkeys
  4 hounds
  20 orc priests
  A gnoll bouda (Orc:2)
  Terence (D:3)
  5 iguanas
  15 orc wizards
  Robin (D:2)
  14 gnolls
  8 adders
  A shadow imp (D:6)
  2 white imps (D:6)
  An ufetubus (D:4)
  3 dart slugs
  55 orcs
  7 ball pythons
  4 endoplasms
  2 giant cockroaches
  14 goblins
  4 hobgoblins
  3 jackals (D:1)
  2 quokkas
  6 bats (Sewer)
  2 frilled lizards
  7 kobolds
  3 rats (D:1)
1353 creatures vanquished.

Vanquished Creatures (collateral kills)
  A dread lich (Zot:5)
  An ancient lich (Vaults:5)
  A Killer Klown (Zot:5)
  A caustic shrike (Depths:2)
  4 golden dragons
  An electric golem (Zot:5)
  9 Orb Guardians (Zot:5)
  4 tentacled monstrosities
  A lich (Vaults:5)
  A walking earthen tome (Depths:2)
  3 death cobs (Zot:1)
  6 storm dragons
  4 shadow dragons
  A draconian monk (Zot:5)
  A fire giant (Depths:4)
  3 draconian knights
  4 frost giants
  A deep elf sorcerer (Elf:3)
  5 vault wardens
  A nagaraja (Snake:4)
  6 draconian scorchers
  2 draconian stormcallers
  A deep elf elementalist (Elf:3)
  A draconian shifter (Zot:2)
  6 ironbound preservers
  An orc warlord (Vaults:1)
  A formless jellyfish (Vaults:4)
  A spriggan defender (Depths:2)
  4 stone giants
  6 draconian annihilators
  4 very ugly things
  2 black draconians (Zot:2)
  9 white draconians
  An eleionoma (WizLab)
  An ironbound thunderhulk (Vaults:3)
  3 deep elf demonologists
  5 green draconians
  6 yellow draconians
  A bunyip (Swamp:4)
  7 red draconians
  12 purple draconians
  2 spark wasps (Depths:1)
  A crystal guardian (Vaults:3)
  A jiangshi (Depths:1)
  A fire dragon (Depths:2)
  24 vault guards
  4 yaktaur captains
  2 great orbs of eyes
  A shambling mangrove (Swamp:4)
  3 deep elf high priests (Elf:3)
  A hydra (Swamp:4)
  6 ice dragons
  2 ghost crabs
  5 centaur warriors (Vaults:1)
  2 ironbound frosthearts (Vaults:1)
  3 alligators
  4 naga warriors (Snake:4)
  A spriggan air mage (Depths:2)
  2 dancing weapons
  3 hell knights (Depths:4)
  2 deep troll shamans (Depths:3)
  A vampire mage (Depths:3)
  3 deep troll earth magi
  2 naga sharpshooters (Snake:4)
  A spriggan berserker (Depths:2)
  7 hell hogs (Depths:1)
  2 shock serpents (Snake:4)
  7 spriggans
  2 soul eaters
  2 iron trolls (Depths:3)
  26 deep trolls
  5 salamander mystics
  3 bog bodies
  A shadow demon (Depths:1)
  7 wizards
  2 deep elf archers (Elf:2)
  2 spriggan druids
  9 ironbound convokers
  4 swamp dragons (Swamp:4)
  A phantasmal warrior (Vaults:5)
  3 orc knights (Vaults:1)
  2 necromancers
  A steelbarb worm (Swamp:4)
  7 deep elf pyromancers
  5 deep elf zephyrmancers
  12 ugly things
  An oklob plant (WizLab)
  A mana viper (Snake:4)
  A will-o-the-wisp (Swamp:1)
  9 salamanders
  8 moths of wrath
  2 guardian serpents (Snake:4)
  4 black mambas (Snake:4)
  7 vault sentinels
  A hellion (Depths:4)
  18 yaktaurs
  5 tyrant leeches
  5 hornets
  17 slime creatures
  3 water elementals
  A large abomination (Elf:1)
  7 vampire mosquitoes
  5 nagas (Snake:4)
  7 swamp worms
  2 swamp drakes (Swamp:4)
  4 boggarts (Vaults:3)
428 creatures vanquished.

Vanquished Creatures (others)
  An ancient lich (Zot:5)
  2 deep elf master archers
  4 Orb Guardians (Zot:5)
  2 death cobs (Zot:1)
  A draconian monk (Zot:1)
  A shadow dragon (Depths:4)
  2 fire giants
  2 draconian knights (Zot:2)
  A vault warden (Vaults:3)
  A fenstrider witch (WizLab)
  A frost giant (Depths:2)
  3 draconian scorchers
  A draconian stormcaller (Zot:1)
  2 draconian shifters
  A draconian annihilator (Zot:2)
  A ghost moth (Zot:5)
  3 very ugly things
  An ironbound preserver (Vaults:1)
  A green draconian (Zot:5)
  A deep elf demonologist (Elf:3)
  A stone giant (Depths:2)
  2 black draconians
  A red draconian (Zot:1)
  A purple draconian (Zot:5)
  4 yellow draconians
  2 white draconians
  2 deep elf death magi (Elf:3)
  2 deep elf high priests (Elf:3)
  A rakshasa (Depths:2)
  3 hydras (Swamp:4)
  An ice dragon (Depths:1)
  An alligator (Swamp:2)
  2 vault guards
  A deep troll shaman (Depths:1)
  An anaconda (Snake:4)
  2 deep troll earth magi (Depths:3)
  A hell knight (Depths:2)
  2 deep elf knights
  A sun demon (Depths:4)
  3 deep trolls
  A salamander mystic (Snake:4)
  A swamp dragon (Swamp:4)
  2 deep elf archers
  A lindwurm (Vaults:3)
  4 deep elf pyromancers
  4 ugly things
  A necromancer (Vaults:2)
  A deep elf zephyrmancer (Elf:2)
  2 salamanders
  2 moths of wrath
  A black mamba (Snake:4)
  A vault sentinel (Vaults:4)
  A guardian serpent (Snake:4)
  2 yaktaurs
  A hornet (Depths:2)
  3 slime creatures (Vaults:1)
  A fire elemental (Elf:2)
  4 spriggans
  A naga (Snake:4)
  2 swamp worms
  A centaur (D:14)
  An orc (Vaults:5)
  4 foxfires (Swamp:1)
108 creatures vanquished.

Grand Total: 1889 creatures vanquished

Table legend:
 A = Non-vault XP
 B = Vault XP
 C = Vault XP percentage of total XP
 D = Non-vault monster count
 E = Vault monster count
 F = Vault count percentage of total count
                 A         B        C        D         E       F
            +---------+---------+-------+---------+---------+-------
      Total |  617820 |  504253 |  44.9 |    1161 |     681 |  37.0
            +---------+---------+-------+---------+---------+-------
        D:1 |      27 |       1 |   3.6 |      15 |       1 |   6.2
        D:2 |      16 |      33 |  67.3 |       9 |      11 |  55.0
        D:3 |      40 |      51 |  56.0 |       8 |       2 |  20.0
        D:4 |     433 |     157 |  26.6 |      18 |       6 |  25.0
        D:5 |     295 |       0 |   0.0 |       6 |       0 |   0.0
        D:6 |     802 |      35 |   4.2 |      18 |       1 |   5.3
        D:7 |     809 |     997 |  55.2 |      17 |       3 |  15.0
        D:8 |    2098 |     248 |  10.6 |      23 |       3 |  11.5
        D:9 |    3639 |     576 |  13.7 |      18 |      11 |  37.9
       D:10 |    3180 |     241 |   7.0 |      23 |       2 |   8.0
       D:11 |    6401 |    2422 |  27.5 |      17 |      12 |  41.4
       D:12 |    2542 |       0 |   0.0 |       9 |       0 |   0.0
       D:13 |    5381 |   12423 |  69.8 |      14 |      21 |  60.0
       D:14 |   12064 |   12531 |  50.9 |      36 |      38 |  51.4
       D:15 |    8225 |    5201 |  38.7 |      13 |       7 |  35.0
     Lair:1 |    2993 |       0 |   0.0 |      12 |       0 |   0.0
     Lair:2 |   10494 |     486 |   4.4 |      40 |       3 |   7.0
     Lair:3 |    3579 |     246 |   6.4 |      12 |       4 |  25.0
     Lair:4 |    4066 |       0 |   0.0 |      15 |       0 |   0.0
     Lair:5 |   18512 |    7861 |  29.8 |      52 |      24 |  31.6
    Swamp:1 |   17920 |     898 |   4.8 |      35 |       3 |   7.9
    Swamp:2 |   14506 |    3030 |  17.3 |      29 |       7 |  19.4
    Swamp:3 |   11776 |       0 |   0.0 |      20 |       0 |   0.0
    Swamp:4 |   12846 |   19679 |  60.5 |      20 |      36 |  64.3
    Snake:1 |   16767 |       0 |   0.0 |      33 |       0 |   0.0
    Snake:2 |    7598 |    5017 |  39.8 |      12 |       8 |  40.0
    Snake:3 |   11798 |       0 |   0.0 |      24 |       0 |   0.0
    Snake:4 |   16853 |   32214 |  65.7 |      31 |      48 |  60.8
      Orc:1 |    3729 |    1556 |  29.4 |      30 |       8 |  21.1
      Orc:2 |    3560 |   16390 |  82.2 |      34 |      48 |  58.5
      Elf:1 |   16468 |    3124 |  15.9 |      25 |       7 |  21.9
      Elf:2 |   20128 |    5814 |  22.4 |      34 |       3 |   8.1
      Elf:3 |   10620 |   35021 |  76.7 |      20 |      33 |  62.3
   Vaults:1 |   29914 |   18461 |  38.2 |      55 |      29 |  34.5
   Vaults:2 |   20248 |    7991 |  28.3 |      34 |       8 |  19.0
   Vaults:3 |   19922 |   17356 |  46.6 |      35 |      23 |  39.7
   Vaults:4 |    7196 |   39431 |  84.6 |      12 |      37 |  75.5
   Vaults:5 |    9953 |   90712 |  90.1 |      15 |      78 |  83.9
   Depths:1 |   25306 |   11972 |  32.1 |      30 |      17 |  36.2
   Depths:2 |   32554 |   19225 |  37.1 |      35 |      16 |  31.4
   Depths:3 |   19292 |   15723 |  44.9 |      27 |      18 |  40.0
   Depths:4 |   39278 |   13220 |  25.2 |      52 |      14 |  21.2
      Zot:1 |   44916 |   19086 |  29.8 |      42 |      16 |  27.6
      Zot:2 |   51542 |       0 |   0.0 |      49 |       0 |   0.0
      Zot:3 |   16779 |       0 |   0.0 |      13 |       0 |   0.0
      Zot:4 |    8924 |    2956 |  24.9 |       7 |       1 |  12.5
      Zot:5 |   41831 |   48814 |  53.9 |      33 |      22 |  40.0
      Sewer |       0 |     140 | 100.0 |       0 |       7 | 100.0
     Bailey |       0 |    2738 | 100.0 |       0 |      13 | 100.0
     WizLab |       0 |   30176 | 100.0 |       0 |      32 | 100.0
            +---------+---------+-------+---------+---------+-------

Skill      XL: |  1  2  3  4  5  6  7  8  9 10 11 12 13 14 15 16 17 18 19 20 21 22 23 24 |
---------------+-------------------------------------------------------------------------+-----
Stealth        | 5 6 7 8 9 10 14 18 21 27 | 27.0
Hexes          | 5 6 7 8 10 14 20 21 26 27 | 27.0
Ice Magic      | 1 2 3 7 8 |  8.0
Spellcasting   | 3 4 5 8 9 10 12 14 16 | 16.0
Short Blades   | 4 6 10 14 | 14.0
Dodging        | 4 6 10 14 16 | 16.0
Fighting       | 4 6 8 10 12 13 14 17 | 17.2
Evocations     | 4 5 6 8 |  8.0
Air Magic      | 4 7 8 |  8.0
Conjurations   | 3 4 |  4.0
Armour         | 2 4 8 |  8.0
Shields        | 5 6 |  6.0
Invocations    | 3 4 8 |  8.0
Translocations | 9 10 12 | 12.0

Action                     |  1- 3 |  4- 6 |  7- 9 | 10-12 | 13-15 | 16-18 | 19-21 | 22-24 || total
---------------------------+-------+-------+-------+-------+-------+-------+-------+-------++-------
  Melee: Dagger            |   130 |    98 |   149 |   519 |   532 |   752 |   388 |       ||  2568
         Bite              |    10 |    10 |    15 |    77 |    77 |   101 |   101 |   148 ||   539
         Punch             |     2 |       |     2 |    12 |     5 |       |       |       ||    21
         Rapier            |       |       |       |       |       |       |   257 |   720 ||   977
  Throw: Dart              |       |       |     1 |       |       |       |       |       ||     1
   Cast: Ensorcelled Hiber |     8 |    10 |    31 |   109 |    96 |    81 |    42 |    11 ||   388
         Confusing Touch   |       |     2 |     9 |    39 |    34 |     9 |       |       ||    93
         Freezing Cloud    |       |       |       |    15 |   104 |    32 |     1 |     7 ||   159
         Enfeeble          |       |       |       |       |       |   146 |   198 |   194 ||   538
         Metabolic Englaci |       |       |       |       |       |     5 |       |       ||     5
         Discord           |       |       |       |       |       |    38 |    95 |    76 ||   209
         Tukima's Dance    |       |       |       |       |       |     2 |       |       ||     2
         Teleport Other    |       |       |       |       |       |     9 |    26 |    15 ||    50
         Dispersal         |       |       |       |       |       |     1 |    12 |    14 ||    27
         Yara's Violent Un |       |       |       |       |       |       |       |     8 ||     8
 Invoke: Shadow Step       |       |       |       |       |     7 |     9 |    14 |     9 ||    39
  Evoke: Wand              |       |       |       |     8 |    15 |     1 |    26 |    10 ||    60
         Box of beasts     |       |       |       |       |     1 |     1 |     3 |     3 ||     8
         Lightning rod     |       |       |       |       |     4 |     9 |     5 |     1 ||    19
         Phial of floods   |       |       |       |       |       |       |       |     3 ||     3
         Phantom mirror    |       |       |       |       |       |       |       |     1 ||     1
    Use: Scroll            |       |     7 |     4 |    11 |    12 |    11 |    22 |    30 ||    97
         Potion            |       |       |       |       |     1 |       |     2 |    22 ||    25
   Stab: Sleeping          |     8 |    18 |    28 |    82 |   137 |   114 |    99 |    32 ||   518
         Distracted        |     1 |       |       |       |     1 |     3 |     2 |     3 ||    10
         Confused          |       |     2 |     8 |    30 |    32 |    11 |       |       ||    83
         Paralysed         |       |       |       |     1 |       |       |       |     1 ||     2
         Invisible         |       |       |       |       |       |   138 |   158 |   120 ||   416
 Armour: Robe              |    38 |    32 |    13 |    43 |    56 |    94 |    51 |    89 ||   416
         Swamp dragon scal |       |       |       |    79 |       |       |       |       ||    79
  Dodge: Dodged            |    65 |    72 |    59 |   384 |   300 |   346 |   343 |   438 ||  2007
         Repelled          |       |       |       |       |       |     4 |    12 |     4 ||    20
  Block: Buckler           |       |       |       |       |    56 |   272 |   236 |   207 ||   771
         Reflection        |       |       |       |       |     6 |    28 |    44 |       ||    78

Illustrated notes

Table legend:
 A = Kills in this place as a percentage of kills in the entire game.
 B = Kills by you in this place as a percentage of kills by you in the entire game.
 C = Kills by friends in this place as a percentage of kills by friends in the entire game.
 D = Other kills in this place as a percentage of other kills in the entire game.
 E = Experience gained in this place as a percentage of experience gained in the entire game.
 F = Experience gained in this place divided by the number of levels of this place that you have seen.
                   A       B       C       D       E      F
               +-------+-------+-------+-------+-------+----------------------
         Total | 100.0 | 100.0 | 100.0 | 100.0 | 100.0 | 21187.0
       Dungeon |  19.6 |  26.6 |   0.0 |   5.8 |   7.2 | 5391.2
          Lair |   8.8 |  12.0 |   0.0 |   1.4 |   4.3 | 9647.4
         Swamp |   8.1 |   7.5 |  10.3 |   7.2 |   7.2 | 20163.8
     Snake Pit |   8.5 |   9.7 |   5.8 |   1.4 |   8.0 | 22561.8
  Orcish Mines |   6.5 |   8.9 |   0.0 |   0.0 |   2.2 | 12617.5
   Elven Halls |   6.6 |   6.3 |   6.1 |  15.9 |   8.1 | 30391.7
        Vaults |  17.7 |  12.1 |  35.3 |  17.4 |  23.3 | 52236.8
        Depths |  11.4 |   8.7 |  19.4 |  14.5 |  15.8 | 44260.0
           Zot |  10.0 |   4.9 |  22.7 |  30.4 |  20.9 | 47043.0
         Sewer |   0.4 |   0.4 |   0.0 |   1.4 |   0.0 | 140.0
        Bailey |   0.7 |   1.0 |   0.0 |   0.0 |   0.2 | 2738.0
        Wizlab |   1.7 |   2.0 |   0.5 |   4.3 |   2.7 | 30176.0
               +-------+-------+-------+-------+-------+----------------------

Table legend: (Time is in decaauts)
 A = Elapsed time spent in this place.
 B = Non-inter-level travel time spent in this place.
 C = Inter-level travel time spent in this place.
 D = Time resting spent in this place.
 E = Time spent auto-exploring this place.
 F = Levels seen in this place.
 G = Mean time per level.
                   A        B        C        D        E       F      G
               +--------+--------+--------+--------+--------+-----+--------+
         Total |  67049 |  61615 |   5434 |  13307 |  33827 |  53 | 1265.1 |
       Dungeon |  16518 |  14460 |   2058 |   1291 |   9489 |  15 | 1101.2 |
        Temple |      1 |      1 |      0 |      0 |      0 |   1 |    1.0 |
          Lair |   6209 |   5826 |    383 |   1214 |   3591 |   5 | 1241.8 |
         Swamp |   5503 |   5184 |    319 |   1391 |   2833 |   4 | 1375.8 |
     Snake Pit |   6933 |   6682 |    251 |   1962 |   3566 |   4 | 1733.2 |
  Orcish Mines |   2405 |   2135 |    270 |    475 |   1058 |   2 | 1202.5 |
   Elven Halls |   5891 |   4960 |    931 |   1317 |   2192 |   3 | 1963.7 |
        Vaults |  10471 |   9937 |    534 |   2679 |   5195 |   5 | 2094.2 |
        Depths |   6766 |   6322 |    444 |   1045 |   3820 |   4 | 1691.5 |
           Zot |   4832 |   4592 |    240 |   1753 |   1343 |   5 |  966.4 |
        Bazaar |     44 |     44 |      0 |      0 |      0 |   1 |   44.0 |
         Trove |     43 |     43 |      0 |      0 |      0 |   1 |   43.0 |
         Sewer |    154 |    154 |      0 |      0 |     77 |   1 |  154.0 |
        Bailey |    433 |    433 |      0 |    105 |     84 |   1 |  433.0 |
        Wizlab |    838 |    838 |      0 |     71 |    576 |   1 |  838.0 |
               +--------+--------+--------+--------+--------+-----+--------+

Top non-repeatable levels by time:
 Snake:4: 3144 daAuts
   Elf:3: 3028 daAuts
Vaults:1: 2443 daAuts
Vaults:3: 2245 daAuts
Depths:1: 2116 daAuts
Vaults:4: 2084 daAuts
 Swamp:1: 1870 daAuts
Vaults:5: 1867 daAuts
  Lair:5: 1838 daAuts
    D:14: 1835 daAuts
Vaults:2: 1831 daAuts
Depths:4: 1736 daAuts
   Elf:1: 1614 daAuts
 Snake:3: 1580 daAuts
     D:9: 1548 daAuts
